 Dungeon Crawl Stone Soup version 0.30-a0-1018-g25214051b3 (webtiles) character file.

Game seed: 2215646245404080665

3811 cheesebisquit the Destroyer (level 9, -1/81 HPs)
             Began as a White Draconian Conjurer on Apr 7, 2023.
             Slain by a death yak (18 damage)
             ... on level 7 of the Dungeon.
             The game lasted 00:38:43 (12185 turns).

cheesebisquit the Destroyer (DrCj)                 Turns: 12185, Time: 00:38:44

Health: -1/81      AC:  8    Str: 10    XL:     9   Next: 96%
Magic:  14/18      EV: 17    Int: 23    God:
Gold:   413        SH:  4    Dex:  9    Spells: 1/20 levels left

rFire   . . .      SeeInvis .    y - +8 war axe of the Six Servitors {heavy, rPois}
rCold   + . .      Faith    .    F - +0 buckler
rNeg    . . .      Spirit   .    (body armour unavailable)
rPois   +          Reflect  .    (helmet restricted)
rElec   .          Rampage  .    (no cloak)
rCorr   .                        (no gloves)
Will    +....                    x - +0 pair of boots
Stlth   ++                       (no amulet)
HPRegen 0.33/turn                f - +5 ring of evasion
MPRegen 0.16/turn                o - ring of willpower

@: no status effects
A: breathe frost, AC +7, unfitting armour, cold resistance 1, cold-blooded
a: Breathe Frost


You were on level 7 of the Dungeon.
You visited 2 branches of the dungeon, and saw 10 of its levels.

You collected 413 gold pieces.

Inventory:

Hand Weapons
 b - a +1 spear of venom
 c - a +0 sling
 l - a +0 flail
 n - a +3 trident
 q - a +0 shortbow
 y - the +8 war axe of the Six Servitors (weapon) {heavy, rPois}
   (You found it on level 5 of the Dungeon)

   rPois:     It protects you from poison.
 H - a +4 short sword of holy wrath
 J - the +7 dagger of Nonisk {spect, rPois rCorr Str-2}
   (You took it off a wight on level 7 of the Dungeon)

   Str:       It affects your strength (-2).
   rPois:     It protects you from poison.
   rCorr:     It protects you from acid and corrosion.
 N - a +2 morningstar
 Q - a +0 vampiric whip
Missiles
 a - a curare-tipped dart
 m - 29 poisoned darts
 u - 7 boomerangs
 P - a throwing net
Armour
 x - a +0 pair of boots (worn)
 F - a +0 buckler (worn)
Jewellery
 f - a +5 ring of evasion (left hand)
 o - a ring of willpower (right hand)
 E - a ring of flight
 K - a +6 ring of strength
Wands
 G - a wand of charming (7)
 M - a wand of acid (8)
 O - a wand of polymorph (7)
Scrolls
 g - a scroll of immolation {unknown}
 r - a scroll of enchant weapon {unknown}
 s - 2 scrolls of teleportation
 v - a scroll of magic mapping {unknown}
 w - a scroll of silence {unknown}
 B - a scroll of summoning {unknown}
 C - a scroll of blinking {unknown}
 D - a scroll of torment {unknown}
 I - a scroll of acquirement {unknown}
 L - a scroll of poison {unknown}
Potions
 d - 3 potions of mutation
 e - a potion of resistance
 h - a potion of brilliance {unknown}
 i - a potion of might
 j - 2 potions of heal wounds
 k - a potion of haste {unknown}
 p - 3 potions of lignification
 t - a potion of flight {unknown}
 z - a potion of attraction {unknown}
 A - 2 potions of degeneration


   Skills:
 - Level 7.8 Fighting
 - Level 4.3(4.9) Axes
 - Level 3.3(4.3) Maces & Flails
 - Level 3.9 Dodging
 - Level 1.7 Stealth
 + Level 3.3 Shields
 + Level 6.1 Spellcasting
 * Level 8.1 Conjurations


You had one spell level left.
You knew the following spells:

 Your Spells              Type           Power      Damage    Failure   Level
a - Magic Dart            Conj           100%       1d8       1%          1
b - Searing Ray           Conj           88%        2d7       1%          2
c - Dazzling Flash        Conj/Hex       50%        N/A       6%          3
d - Fulminant Prism       Conj/Hex       12%        3d8       21%         4
e - Iskenderun's Mystic   Conj/Tloc      25%        2d7       21%         4
f - Arcjolt               Conj/Air       12%        1d22      50%         5

Your spell library contained the following spells:

 Spells                   Type           Power      Damage    Failure   Level
 Vhi's Electric Charge    Tloc/Air       14%        N/A       32%         3
 Plasma Beam              Fire/Air       3%         2x1d15    100%        6


Dungeon Overview and Level Annotations

Branches:
Dungeon (9/15)             Temple (1/1) D:6            Lair (0/5) D:8
    Orc: D:9-12

Altars:
Ashenzari
Cheibriados
Dithmenos
Elyvilon
Fedhas
Gozag
Hepliaklqana
Kikubaaqudgha
Nemelex Xobeh
Okawaru
Qazlal
Ru
Sif Muna
Trog
Uskayaw
Xom
Yredelemnul
Zin
The Shining One

Annotations:
D:9 Psyche


Innate Abilities, Weirdness & Mutations

You can breathe waves of freezing cold which knock back foes.
Your icy white scales are hard. (AC +7)
You cannot fit into any form of body armour.
Your flesh is cold resistant. (rC+)
You are cold-blooded and may be slowed by cold attacks.


Message History

HP restored.
Casting: Magic Dart (safe; 1% risk of failure)
Confirm with . or Enter, or press ? or * to list all spells.
You can't see any susceptible monsters within range! (Use Z to cast anyway.)
The magic dart hits the death yak.
The death yak is lightly wounded.
The death yak bellows!
You hear a bellow! x3
The yak bellows!
There is a stone staircase leading up here.
The death yak snorts and paws the ground.
The death yak closely misses you.
You climb upwards.
There is a stone staircase leading down here.
You completely miss the death yak.
The death yak is lightly wounded.
The death yak gores you!! The death yak gores you.
Casting: Magic Dart (safe; 1% risk of failure)
Confirm with . or Enter, or press ? or * to list all spells.
Aiming: Searing Ray (safe; 1% risk of failure)
Press: ? - help, Shift-Dir - straight line, f - death yak
Aim: a death yak (94% to hit)
The searing ray hits the death yak but does no damage. (Press . to maintain the ray.)
The death yak gores you.
The searing ray hits the death yak.
The death yak is lightly wounded.
The death yak closely misses you.
The searing ray hits the death yak.
The death yak is lightly wounded.
The death yak gores you!
The searing ray hits the death yak.
The death yak is lightly wounded.
You finish channelling your searing ray.
The death yak gores you!!
* * * LOW HITPOINT WARNING * * *
You hit the death yak.
The death yak is lightly wounded.
The death yak gores you but does no damage.
The death yak gores you!!
You die...

#~.~~~~......# #
#.~~~~.......#
#.~~≈~.......####
#..........P.§§.#
###...[....~~§§§#
#........~~§§§#
#######.....~~§§§#
##≈≈≈≈≈##.<...~~§.#
#≈≈≈≈≈≈≈#..@..P~P.#
##≈≈≈≈≈≈≈##Y....####
#~≈≈≈~~≈~~##.####
#.≈≈~..~~~##.#
#~~~~~.~~.##.#
##.......###.#
#.......# #.#
##.....####.#
##...##....#


You could see a death yak.

Vanquished Creatures
  A wyvern (D:9)
  2 water moccasins
  2 ice beasts
  A hornet zombie (D:7)
  A black bear (D:6)
  An orc warrior (D:8)
  An ogre (D:6)
  2 centaurs
  A phantom (D:5)
  2 kobold brigands (D:8)
  2 bullfrogs (D:7)
  A gnoll sergeant (D:5)
  3 scorpions (D:5)
  A water moccasin zombie (D:7)
  14 wights
  9 killer bees
  2 centaur zombies (D:7)
  3 bullfrog zombies (D:7)
  4 jellies
  A gnoll bouda (D:3)
  2 orc priests
  5 iguanas
  5 orc wizards
  A killer bee zombie (D:7)
  20 gnolls
  6 adders
  A river rat (D:8)
  A white imp (D:6)
  An ufetubus (D:5)
  A dart slug (D:3)
  26 orcs
  4 endoplasms
  2 giant cockroaches (D:1)
  5 goblins
  11 hobgoblins
  9 jackals
  A quokka (D:1)
  7 ball pythons
  5 bats
  5 frilled lizards
  17 kobolds
  5 rats
194 creatures vanquished.

Vanquished Creatures (others)
  4 fungi (D:2)
  13 plants
  11 withered plants (D:7)
28 creatures vanquished.

Grand Total: 222 creatures vanquished

Notes
Turn   | Place    | Note
-------+----------+-------------------------------------------
     0 | D:1      | cheesebisquit the Draconian Conjurer began the quest for
                  | the Orb.
     0 | D:1      | Reached XP level 1. HP: 14/14 MP: 3/3
    96 | D:1      | Reached skill level 1 in Fighting
   356 | D:1      | Reached XP level 2. HP: 23/23 MP: 0/5
   975 | D:1      | Reached XP level 3. HP: 30/30 MP: 0/6
  1712 | D:2      | Reached skill level 1 in Maces & Flails
  1712 | D:2      | Reached XP level 4. HP: 33/38 MP: 0/8
  1977 | D:2      | Found a faded altar of an unknown god.
  2650 | D:3      | Reached XP level 5. HP: 38/46 MP: 0/9
  3985 | D:4      | Reached XP level 6. HP: 53/53 MP: 2/11
  4533 | D:5      | Entered Level 5 of the Dungeon
  4611 | D:5      | Reached skill level 5 in Fighting
  5445 | D:5      | Your scales start taking on an icy white colour.
  5445 | D:5      | Reached XP level 7. HP: 46/62 MP: 0/13
  5445 | D:5      | Gained mutation: Your flesh is cold resistant. (rC+) [White
                  | Draconian growth]
  5879 | D:5      | Identified the +8 war axe of the Six Servitors {heavy,
                  | rPois}
  5903 | D:5      | Reached skill level 1 in Axes
  6095 | D:5      | Learned a level 2 spell: Searing Ray
  6099 | D:5      | Learned a level 3 spell: Dazzling Flash
  6104 | D:5      | Learned a level 4 spell: Fulminant Prism
  6109 | D:5      | Learned a level 4 spell: Iskenderun's Mystic Blast
  6802 | D:6      | Reached XP level 8. HP: 44/71 MP: 1/14
  7246 | D:5      | Reached skill level 5 in Conjurations
  7574 | D:6      | Found a staircase to the Ecumenical Temple.
  7583 | Temple   | Entered the Ecumenical Temple
  8169 | D:6      | Found a glowing silver altar of Zin.
  8590 | D:7      | Found an ancient bone altar of Kikubaaqudgha.
  8695 | D:7      | Reached skill level 5 in Spellcasting
  8695 | D:7      | Reached skill level 6 in Conjurations
  9333 | D:7      | Found a snail-covered altar of Cheibriados.
  9345 | D:7      | Found an iron altar of Okawaru.
  9346 | D:7      | Found a sparkling altar of Nemelex Xobeh.
  9346 | D:7      | Found a sacrificial altar of Ru.
  9346 | D:7      | Found a hide-covered altar of Uskayaw.
  9407 | D:7      | Reached XP level 9. HP: 79/79 MP: 9/16
  9531 | D:7      | Identified the +7 dagger of Nonisk {spect, rPois rCorr
                  | Str-2}
  9737 | D:7      | Reached skill level 1 in Shields
 10480 | D:8      | Found a staircase to the Lair.
 10480 | D:8      | Noticed a death yak
 10481 | D:8      | Noticed a death yak
 10483 | D:8      | Noticed a death yak
 10507 | D:8      | Reached skill level 7 in Conjurations
 10942 | D:8      | Learned a level 5 spell: Arcjolt
 11842 | D:9      | Noticed Psyche
 11979 | D:9      | Reached skill level 8 in Conjurations
 12185 | D:7      | Slain by a death yak

Illustrated notes

Levels and vault maps discovered:
D:1:      dpeg_arrival_morbid_curiosity, layout_basic, minivault_27
D:2:      layout_rooms, shapermc_ecumenical_altar_rom_forum
D:3:      layout_rooms
D:4:      layout_loops_corners
D:5:      layout_basic, serial_bayou_pond_c
D:6:      layout_basic, old_standard_altar, minmay_temple_entry_antechambers,
          chequers_serial_rivers_small_a
D:7:      layout_rooms, grunt_temple_overflow_open, serial_undead,
          serial_undead_f, serial_undead_c, serial_undead_b, serial_undead_f,
          serial_undead_e, serial_undead_b, serial_undead_e, serial_undead_e,
          nicolae_underground_beach
D:8:      layout_gridville, dpeg_lair_monsters
D:9:      layout_cave_pools, mainiacjoe_overflow_catwalk, uniq_psyche
Temple:   minmay_temple_forest_path

Skill      XL: |  1  2  3  4  5  6  7  8  9 |
---------------+----------------------------+-----
Fighting       | 1 2 3 4 5 6 7 |  7.8
Maces & Flails | 1 2 3 |  3.3
Spellcasting   | 3 4 5 6 |  6.1
Axes           | 2 3 4 |  4.3
Dodging        | 2 3 |  3.9
Conjurations   | 6 8 |  8.1
Shields        | 3 |  3.3
Stealth        | |  1.7

Action                     |  1- 3 |  4- 6 |  7- 9 || total
---------------------------+-------+-------+-------++-------
  Melee: Unarmed           |    33 |       |       ||    33
         Tailslap          |     3 |     3 |    10 ||    16
         Whip              |    26 |    71 |       ||    97
         War axe           |       |       |    79 ||    79
         Short sword       |       |       |     9 ||     9
  Throw: Dart              |       |       |     4 ||     4
   Cast: Magic Dart        |    91 |   196 |   400 ||   687
         Searing Ray       |       |       |     5 ||     5
  Evoke: Wand              |       |       |     1 ||     1
    Use: Potion            |     1 |     1 |     3 ||     5
         Scroll            |       |     4 |     7 ||    11
 Armour: Skin              |    20 |    23 |    80 ||   123
  Dodge: Dodged            |    74 |   122 |   333 ||   529
  Block: Buckler           |       |       |    29 ||    29

Table legend: (Time is in decaauts)
 A = Elapsed time spent in this place.
 B = Non-inter-level travel time spent in this place.
 C = Inter-level travel time spent in this place.
 D = Time resting spent in this place.
 E = Time spent auto-exploring this place.
 F = Levels seen in this place.
 G = Mean time per level.
                   A        B        C        D        E       F      G
               +--------+--------+--------+--------+--------+-----+--------+
         Total |  12286 |  11531 |    755 |   1049 |   8634 |  10 | 1228.6 |
       Dungeon |  11896 |  11164 |    732 |   1049 |   8281 |   9 | 1321.8 |
        Temple |    389 |    366 |     23 |      0 |    353 |   1 |  389.0 |
               +--------+--------+--------+--------+--------+-----+--------+

Top non-repeatable levels by time:
     D:5: 2499 daAuts
     D:8: 1837 daAuts
     D:7: 1446 daAuts
     D:4: 1423 daAuts
     D:1: 1391 daAuts
     D:6: 1382 daAuts
     D:2: 1053 daAuts
     D:3: 770 daAuts
  Temple: 389 daAuts
     D:9: 90 daAuts
